 Dungeon Crawl Stone Soup version 0.30-a0-883-g5ad918d77d (webtiles) character file.

Game seed: 14675765328517901457

25 Pimp the Insei (level 3, 0/23 HPs)
             Began as an Octopode Transmuter on Mar 16, 2023.
             Slain by an adder (3 damage)
             ... on level 3 of the Dungeon.
             The game lasted 00:01:37 (1193 turns).

Pimp the Insei (Octopode Transmuter)                Turns: 1193, Time: 00:01:38

Health: 0/23       AC:  1    Str:  9    XL:     3   Next: 6%
Magic:  6/6        EV: 13    Int: 17    God:
Gold:   149        SH:  0    Dex: 12    Spells: 2/6 levels left

rFire   . . .      SeeInvis .    e - +0 war axe
rCold   . . .      Faith    .    (no shield)
rNeg    . . .      Spirit   .    (helmet restricted)
rPois   .          Reflect  .    (no amulet)
rElec   .          Rampage  .    (no ring)
rCorr   .                        (no ring)
Will    .....                    (no ring)
Stlth   ++                       (no ring)
HPRegen 0.23/turn                (no ring)
MPRegen 0.10/turn                (no ring)
                                 (no ring)
                                 (no ring)

@: no status effects
A: almost no armour, amphibious, 8 rings, camouflage 1, gelatinous body 1,
(nimble swimmer 1), tentacles
a: no special abilities


You were on level 3 of the Dungeon.
You visited 1 branch of the dungeon, and saw 3 of its levels.

You collected 149 gold pieces.

Inventory:

Hand Weapons
 e - a +0 war axe (weapon)
Magical Staves
 c - a staff of fire
Jewellery
 b - a ring of poison resistance
Potions
 a - a potion of lignification
 d - a potion of haste


   Skills:
 + Level 1.5 Fighting
 + Level 2.2 Dodging
 + Level 3.2 Unarmed Combat
 + Level 2.2 Spellcasting
 + Level 2.2 Transmutations
 + Level 0.6 Evocations


You had 2 spell levels left.
You knew the following spells:

 Your Spells              Type           Power      Damage    Failure   Level
a - Beastly Appendage     Tmut           18%        N/A       8%          1
b - Spider Form           Tmut/Pois      5%         N/A       34%         3

Your spell library contained the following spells:

 Spells                   Type           Power      Damage    Failure   Level
 Wereblood                Tmut           9%         N/A       11%         2
 Frozen Ramparts          Ice            2%         1d1       50%         3
 Ice Form                 Ice/Tmut       5%         N/A       75%         4
 Summon Ice Beast         Ice/Summ       1%         N/A       88%         4


Dungeon Overview and Level Annotations

Branches:
Dungeon (3/15)

Altars:


Innate Abilities, Weirdness & Mutations

You cannot wear most types of armour.
You are amphibious.
You can wear up to eight rings at the same time.
Your skin changes colour to match your surroundings (Stealth+).
Your rubbery body absorbs attacks. (AC +1, EV +1)
((You are camouflaged when in or above water. (Stealth+)))
You have tentacles for arms and can constrict up to eight enemies at once.


Message History

The adder bites you.
There is a stone staircase leading up, spattered with blood here.
You hit the adder but do no damage. Your grab misses the adder.
Your squeeze misses the adder. The adder barely misses you. x2
You hit the adder. Your grab misses the adder.
The adder is moderately wounded.
The adder bites you. The adder barely misses you.
You barely miss the adder. Your grab misses the adder.
The adder is moderately wounded.
The adder bites you.
You are poisoned.
The adder poisons you! The adder barely misses you.
You barely miss the adder. Your grab misses the adder.
Your tentacle-slap misses the adder.
Your squeeze misses the adder.
The adder is moderately wounded.
You feel very sick. The adder closely misses you.
You hit the adder. Your grab misses the adder.
The adder is severely wounded.
You feel sick. The adder bites you. x2
* * * LOW HITPOINT WARNING * * *
You barely miss the adder. Your grab misses the adder.
Your squeeze misses the adder.
The adder is severely wounded.
* * * LOW HITPOINT WARNING * * *
You feel sick. The adder misses you. The adder closely misses you.
Okay, then.
You barely miss the adder. Your grab misses the adder.
Your squeeze misses the adder.
The adder is severely wounded.
You feel sick. The adder barely misses you. x2
You closely miss the adder. Your grab misses the adder.
The adder is severely wounded.
You feel sick.
You are no longer poisoned.
The adder completely misses you. The adder barely misses you.
You barely miss the adder. Your grab misses the adder.
The adder is severely wounded.
The adder bites you.
You die...

##...## .##.....#
........ #.....
##...##
##.....####
#$..>S....#
#...$@..#...
#....#....<......
#.# #....<#.....
#...#.# ####
#.?.....
......###
##...... #...##.#
....# .#


You could see an adder.

Vanquished Creatures
  An adder (D:3)
  A worm (D:2)
  A ball python (D:1)
  An endoplasm (D:1)
  2 goblins (D:1)
  3 hobgoblins
  2 quokkas
11 creatures vanquished.

Notes
Turn   | Place    | Note
-------+----------+-------------------------------------------
     0 | D:1      | Pimp the Octopode Transmuter began the quest for the Orb.
     0 | D:1      | Reached XP level 1. HP: 13/13 MP: 3/3
   521 | D:1      | Reached XP level 2. HP: 18/18 MP: 3/5
  1180 | D:3      | Reached XP level 3. HP: 20/23 MP: 6/6
  1184 | D:3      | Learned a level 3 spell: Spider Form
  1193 | D:3      | Slain by an adder

Illustrated notes

Levels and vault maps discovered:
D:1:      minmay_arrival_nine_rooms, layout_basic
D:2:      layout_basic, minmay_misc_feat_chi
D:3:      layout_loops_cross, shapermc_ecumenical_altar_mp_highgroup

Action                     || total
---------------------------++-------
  Melee: Staff             ||    22
         Tentacles         ||     6
         Constrict         ||     7
         Kick              ||     2
         War axe           ||    16
         Punch             ||     1
   Cast: Beastly Appendage ||     4
    Use: Scroll            ||     1
         Potion            ||     1
   Stab: Sleeping          ||     1
 Armour: Skin              ||     4
  Dodge: Dodged            ||    28

Table legend: (Time is in decaauts)
 A = Elapsed time spent in this place.
 B = Non-inter-level travel time spent in this place.
 C = Inter-level travel time spent in this place.
 D = Time resting spent in this place.
 E = Time spent auto-exploring this place.
 F = Levels seen in this place.
 G = Mean time per level.
                   A        B        C        D        E       F      G
               +--------+--------+--------+--------+--------+-----+--------+
         Total |   1184 |   1091 |     93 |     62 |    878 |   3 |  394.7 |
       Dungeon |   1184 |   1091 |     93 |     62 |    878 |   3 |  394.7 |
               +--------+--------+--------+--------+--------+-----+--------+

Top non-repeatable levels by time:
     D:1: 841 daAuts
     D:2: 316 daAuts
     D:3: 26 daAuts
